AoeStats
← shotgun tam

Black Forest

503258591Analyzed
3v3 RM · 2mo ago on Aug 30, 2026· 56m 28s· 6 players
Game mode
Random Map
Map size
Normal (6 player)
Population
200
Speed
Normal
Resources
Standard
Victory
Conquest
Starting age
Dark Age
Ending age
Imperial Age
RankedLock teamsTeams togetherTeam positionsShared explorationLock speedFull tech treeHidden civsTurbo modeCheats
Victory
Defeat
🇲🇽 Bohemians · Mexico
944
+13
🇲🇽 Koreans · Mexico
915
+14
🇲🇽 Bulgarians · Mexico
908
+14
vs
🇬🇧 Ethiopians · United Kingdom
886
-14
🇬🇧 Khmer · United Kingdom
862
-13
🇺🇸 Romans · United States
855
-13
BudoTheKid
0:36 Loom
16:50 Feudal Age
16:58 Man-at-Arms
20:33 Double-Bit Axe
23:48 Scale Mail Armor
24:56 Forging
27:00 Wheelbarrow
31:06 Castle Age
29:31 Horse Collar
30:46 Gold Mining
31:57 Long Swordsman
34:32 Chain Mail Armor
35:48 Bow Saw
36:31 Iron Casting
41:48 Imperial Age
40:50 Gold Shaft Mining
42:03 Legionary
43:59 Conscription
44:11 Ballistas
44:30 Hand Cart
47:19 Heavy Scorpion
49:44 Blast Furnace
shotgun tam
0:35 Loom
26:24 Feudal Age
30:59 Double-Bit Axe
36:11 Fletching
36:23 Padded Archer Armor
36:58 Gold Mining
39:51 Castle Age
41:17 Crossbowman
42:23 Bow Saw
42:26 Squires
43:06 Thumb Ring
47:19 Fortified Wall
50:01 Imperial Age
53:16 Imperial Age
56:12 Chemistry
54:36 Onager
57:07 Ballistics
Deimos
12:23 Feudal Age
13:03 Loom
16:53 Castle Age
16:40 Bloodlines
18:29 Double-Bit Axe
18:51 Husbandry
20:09 Scale Barding Armor
21:07 Wheelbarrow
22:20 Forging
25:08 Chain Barding Armor
25:25 Iron Casting
26:29 Hand Cart
29:15 Bow Saw
28:48 Horse Collar
29:29 Loom
32:33 Heavy Plow
35:52 Imperial Age
35:21 Stone Mining
35:24 Gold Mining
35:37 Fletching
36:53 Heavy Scorpion
38:51 Bodkin Arrow
39:33 Plate Barding Armor
39:58 Blast Furnace
39:27 Double Crossbow
40:03 Conscription
39:46 Town Watch
41:08 Siege Engineers
41:51 Gold Shaft Mining
42:21 Chemistry
41:46 Bracer
42:14 Light Cavalry
43:14 Hussar
44:55 Ballistics
Marcotangaloca
1:12 Loom
11:23 Feudal Age
11:54 Double-Bit Axe
24:57 Castle Age
23:40 Forging
24:20 Gold Mining
24:14 Horse Collar
25:52 Heavy Plow
26:03 Bow Saw
31:07 Imperial Age
30:07 Wheelbarrow
32:51 Crop Rotation
35:40 Hand Cart
36:45 Caravan
37:50 Iron Casting
37:16 Scale Mail Armor
37:40 Fletching
38:50 Stone Mining
39:40 Gold Shaft Mining
39:36 Ballistics
39:06 Elite Konnik
44:19 Blast Furnace
43:34 Chain Mail Armor
44:02 Scale Barding Armor
44:38 Onager
45:48 Chain Barding Armor
45:23 Bodkin Arrow
46:18 Siege Onager
49:27 Chemistry
48:33 Bracer
49:09 Plate Barding Armor
48:44 Pikeman
49:25 Squires
49:29 Padded Archer Armor
49:40 Halberdier
53:37 Leather Archer Armor
BlackOwl
1:05 Loom
11:42 Feudal Age
14:10 Double-Bit Axe
19:05 Horse Collar
19:40 Man-at-Arms
20:06 Arson
25:36 Castle Age
34:32 Imperial Age
32:39 Wheelbarrow
32:40 Bow Saw
34:02 Hand Cart
36:03 Conscription
36:47 Caravan
37:58 Two-Man Saw
37:01 Heavy Plow
39:14 Chemistry
38:07 Town Watch
39:09 Hussite Reforms
38:29 Elite Hussite Wagon
39:40 Fervor
39:47 Block Printing
39:55 Fervor
40:01 Block Printing
40:10 Sanctity
40:31 Theocracy
40:20 Town Patrol
40:42 Wagenburg Tactics
40:49 Wagenburg Tactics
40:57 Wagenburg Tactics
47:19 Redemption
47:11 Atonement
47:15 Devotion
47:43 Illumination
47:43 Heresy
46:55 Houfnice
rodrigg2003
0:43 Loom
13:22 Feudal Age
14:24 Double-Bit Axe
16:40 Horse Collar
23:15 Castle Age
23:22 Arson
24:55 Wheelbarrow
27:03 Man-at-Arms
28:43 Hand Cart
32:32 Heavy Plow
32:46 Bow Saw
33:25 Eupseong
33:19 Fletching
34:22 Caravan
34:25 Gold Mining
38:32 Imperial Age
36:16 Town Watch
37:01 Bodkin Arrow
37:16 Thumb Ring
37:44 Fortified Wall
37:17 Treadmill Crane
37:49 Fortified Wall
38:27 Gold Shaft Mining
39:58 Conscription
41:07 Chemistry
40:12 Siege Engineers
40:28 Ballistics
40:06 Murder Holes
40:13 Bracer
39:53 Crossbowman
40:30 Stone Mining
40:34 Arbalester
43:52 Two-Man Saw
43:36 Heavy Rocket Cart
44:05 Elite Skirmisher
45:51 Stone Shaft Mining
45:27 Arrowslits
45:54 Masonry
Connection lost

Rejoining the realm…

Still unreachable

The connection could not be restored.

Session expired

The server has moved on; the page needs a fresh start.